 Dungeon Crawl Stone Soup version 0.18-a0-1323-g706dcef (webtiles) character file.

3799 namelastname112 the Fighter (level 9, -1/81 HPs)
             Began as a White Draconian Gladiator on Feb 15, 2016.
             Was a Believer of Nemelex Xobeh.
             Slain by a troll (8 damage)
             ... on level 9 of the Dungeon.
             The game lasted 00:13:20 (8501 turns).

namelastname112 the Fighter (DrGl)                  Turns: 8501, Time: 00:13:20

Health: -1/81      AC:  8    Str: 19    XL:     9   Next: 96%
Magic:  13/13      EV: 16    Int: 12    God:    Nemelex Xobeh [**....]
Gold:   319        SH:  0    Dex: 14    Spells: 0 memorised, 8 levels left

rFire  + . .     SeeInvis .     a - +0 quarterstaff
rCold  + . .     Gourm    .     (armour unavailable)
rNeg   . . .     Faith    +     (shield currently unavailable)
rPois  x         Spirit   .     b - +0 hat
rElec  .         Dismiss  .     (no cloak)
rCorr  .         Reflect  .     o - +0 pair of gloves
SustAt .         Harm     .     (no boots)
MR     .....                    X - amulet of faith
Stlth  +.........               J - +4 ring of intelligence
                                S - ring of protection from fire

@: poison vulnerable, not resistant to hostile enchantments, very unstealthy
A: breathe frost, unfitting armour, cold resistance 1, cold-blooded, AC +7
a: Breathe Frost, Renounce Religion


You were on level 9 of the Dungeon.
You worshipped Nemelex Xobeh.
Nemelex Xobeh was pleased with you.
You were not hungry.

You visited 2 branches of the dungeon, and saw 10 of its levels.
You also visited: Sewer.

You collected 439 gold pieces.
You spent 120 gold pieces at shops.

Inventory:

Hand Weapons
 a - a +0 quarterstaff (weapon)
 C - a +0 blowgun
Missiles
 c - 5 throwing nets (quivered)
 D - 5 curare-tipped needles
Armour
 b - a +0 hat (worn)
 o - a +0 pair of gloves (worn)
 I - the +7 shield "Xeucimnosch" {rElec rPois}
   (You found it on level 4 of the Dungeon)

   It insulates you from electricity.
   It protects you from poison.
Jewellery
 m - an uncursed ring of sustain attributes
 H - an uncursed ring of flight
 J - a +4 ring of intelligence (right hand)
 S - a ring of protection from fire (left hand)
 X - an amulet of faith (around neck)
Wands
 r - a wand of flame (6/48)
 s - a wand of lightning (0/15)
 w - a wand of digging (14/24)
 L - a wand of slowing (27/48)
 Q - a wand of iceblast (5/15)
 R - a wand of random effects (5/48)
 U - a wand of slowing (2/48)
Scrolls
 h - 2 scrolls of immolation {unknown}
 i - 2 scrolls of teleportation {unknown}
 j - 6 scrolls of identify {unknown}
 k - 3 scrolls of noise {unknown}
 l - 3 scrolls of remove curse {unknown}
 n - 5 scrolls of recharging {unknown}
 v - a scroll of amnesia {unknown}
 y - a scroll of summoning {unknown}
 F - a scroll of fog {unknown}
 N - 2 scrolls of fear {unknown}
 T - a scroll of enchant weapon {unknown}
Potions
 e - 4 potions of might {unknown}
 g - 2 potions of cancellation {unknown}
 q - 2 potions of agility {unknown}
 t - a potion of magic {unknown}
 u - 2 potions of mutation {unknown}
 x - 8 potions of heal wounds
 z - 7 potions of curing {unknown}
 A - 2 potions of brilliance {unknown}
 B - 5 potions of flight {unknown}
 G - a potion of berserk rage
 M - 3 potions of lignification {unknown}
 O - a potion of cure mutation {unknown}
 P - 2 potions of haste {unknown}
Miscellaneous
 K - a plain deck of escape
 V - an ornate deck of destruction {drawn: 2}
Comestibles
 d - 6 bread rations
 f - 5 meat rations
 p - 11 beef jerkies
 E - 2 slices of pizza
 W - 3 chunks of flesh


   Skills:
 + Level 8.0 Fighting
 - Level 6.3 Staves
 - Level 1.7 Throwing
 + Level 7.3 Dodging
 + Level 4.7 Shields
 * Level 6.6 Evocations


You had 8 spell levels left.
You didn't know any spells.

Dungeon Overview and Level Annotations

Branches:
Dungeon (8/15)             Temple (1/1) D:5
   Lair: D:8-11

Altars:
Ashenzari
Cheibriados
Dithmenos
Elyvilon
Gozag
Kikubaaqudgha
Makhleb
Nemelex Xobeh
Okawaru
Pakellas
Qazlal
Ru
Sif Muna
Trog
Vehumet
Xom
Yredelemnul
Zin
The Shining One

Shops:
D:7 :!


Innate Abilities, Weirdness & Mutations

You can breathe waves of freezing cold.
You can buffet flying creatures when you breathe cold.
Your icy white scales are hard (AC +7).
Your body does not fit into most forms of armour.
Your flesh is cold resistant.
You are cold-blooded and may be slowed by cold attacks.


Message History

Evoke which item? (* to show all) (? for menu, Esc to quit)
You draw a card...
It is Venom.
You have drawn Venom.
Press: ? - help, Shift-Dir - straight line, f - troll
Aim: a troll (moderately wounded)
The bolt of poison hits the troll.
The troll is poisoned.
The troll is severely wounded.
Releasing that poison leaves you vulnerable to poison.
The troll misses you. The troll closely misses you. The troll claws you.
* * * LOW HITPOINT WARNING * * *
The troll looks more healthy.
Evoke which item? (* to show all) (? for menu, Esc to quit)
You draw a card...
It is Pain.
You have drawn Pain.
Press: ? - help, Shift-Dir - straight line, f/p - troll
Aim: a troll (severely wounded)
The bolt of negative energy misses the troll.
The troll closely misses you. x2; The troll claws you!
You die...
Your body disappears without a glow.

#....###.......##.#.#
#.............##...#
.###.#.####.....####.##
.......# #(....###...##
####.### #.....##.....#
#.# ########.....# #.#
#.....# #.#
########....#
#.#######...T@..###.#
#.##......##.......(#
#.##.###..##.##.#####
#.# #.......##.#
#......#..#####.#
####.###..# #.#
#............#
##############


You could see a troll.

Vanquished Creatures
  The ghost of namelastname112 the Twirler, a novice DrGl of Elyvilon (D:6)
  A two-headed ogre (D:8)
  A water moccasin (D:7)
  An orc warrior (D:8)
  3 ice beasts
  2 phantoms
  2 black bears (D:6)
  5 ogres
  A centaur (D:6)
  6 big kobolds
  A giant frog (D:6)
  A water moccasin skeleton (D:8)
  A water moccasin zombie (D:7)
  4 scorpions
  A centaur zombie (D:7)
  3 crimson imps
  2 giant frog zombies
  4 hounds
  4 orc wizards
  3 jellies
  3 orc priests
  2 iguanas
  5 worker ants
  A hound zombie (D:8)
  7 gnolls (D:4)
  8 adders
  3 river rats (Sewer)
  3 shadow imps
  5 worms
  14 giant geckos
  23 orcs
  10 ball pythons
  7 giant cockroaches
  14 goblins
  12 hobgoblins
  13 jackals
  A quokka (D:1)
  A ball python zombie (D:5)
  12 bats
  A giant cockroach zombie (D:6)
  4 giant newts
  24 kobolds
  31 rats
  A butterfly (D:5)
252 creatures vanquished.

Notes
Turn   | Place    | Note
--------------------------------------------------------------
     0 | D:1      | namelastname112 the Draconian Gladiator began the quest for the Orb.
     0 | D:1      | Reached XP level 1. HP: 17/17 MP: 1/1
   197 | D:1      | Reached XP level 2. HP: 13/25 MP: 2/2
   827 | D:1      | Reached XP level 3. HP: 19/30 MP: 3/3
  1735 | D:2      | Reached XP level 4. HP: 36/38 MP: 4/4
  2148 | D:2      | Found a shattered altar of Ashenzari.
  2326 | D:3      | Noticed an ogre
  2335 | D:3      | Killed an ogre
  2335 | D:3      | Reached skill level 4 in Staves
  2335 | D:3      | Reached XP level 5. HP: 40/46 MP: 5/5
  2552 | D:3      | Found an opulent altar of Gozag.
  2653 | D:3      | Found a glowing drain.
  2676 | Sewer    | Entered a sewer
  2747 | Sewer    | Reached skill level 5 in Staves
  2747 | Sewer    | Reached XP level 6. HP: 47/52 MP: 6/6
  3162 | Sewer    | Reached XP level 7. HP: 46/60 MP: 7/7
  3162 | Sewer    | Your scales start taking on an icy white colour.
  3162 | Sewer    | Gained mutation: Your flesh is cold resistant. [White Draconian growth]
  3304 | Sewer    | Reached skill level 5 in Fighting
  3304 | Sewer    | Reached skill level 6 in Staves
  3542 | D:3      | Found a shadowy altar of Dithmenos.
  3543 | D:3      | Found a basalt altar of Yredelemnul.
  3615 | D:3      | Found an oddly glowing altar of Pakellas.
  4046 | D:4      | Found a bloodstained altar of Trog.
  4047 | D:4      | Found an iron altar of Okawaru.
  4204 | D:4      | Got a twisted shield
  4212 | D:4      | Identified the +7 shield "Xeucimnosch" {rElec rPois} (You found it on level 4 of the Dungeon)
  4260 | D:4      | Reached skill level 5 in Dodging
  4400 | D:5      | Entered Level 5 of the Dungeon
  4456 | D:5      | Reached XP level 8. HP: 40/70 MP: 8/8
  4491 | D:5      | Found a staircase to the Ecumenical Temple.
  4504 | Temple   | Entered the Ecumenical Temple
  4603 | Temple   | Became a worshipper of Nemelex Xobeh the Trickster
  4650 | D:5      | Received a gift from Nemelex Xobeh
  4683 | D:5      | Reached skill level 1 in Evocations
  4892 | D:5      | Reached skill level 1 in Shields
  5743 | D:5      | Found an ancient bone altar of Kikubaaqudgha.
  5811 | D:6      | Reached * piety under Nemelex Xobeh
  6475 | D:6      | Found a burning altar of Makhleb.
  6519 | D:6      | Reached skill level 7 in Fighting
  6556 | D:6      | Reached XP level 9. HP: 77/79 MP: 12/12
  6654 | D:6      | Noticed namelastname112's ghost (novice DrGl)
  6778 | D:6      | Killed namelastname112's ghost
  6778 | D:6      | Reached skill level 5 in Evocations
  7162 | D:7      | Found Zudach's Book Boutique.
  7167 | D:7      | Found a shimmering altar of Xom.
  7202 | D:7      | Found a shimmering altar of Xom.
  7202 | D:7      | Found a shimmering altar of Xom.
  7203 | D:7      | Found a shimmering altar of Xom.
  7203 | D:7      | Found a shimmering altar of Xom.
  7614 | D:7      | Found Xuth's Distillery.
  7622 | D:7      | Bought a potion of heal wounds for 60 gold pieces
  7622 | D:7      | Bought a potion of heal wounds for 60 gold pieces
  7641 | D:7      | Found a snail-covered altar of Cheibriados.
  7887 | D:8      | Found a white marble altar of Elyvilon.
  7947 | D:8      | Reached ** piety under Nemelex Xobeh
  8005 | D:8      | Received a gift from Nemelex Xobeh
  8064 | D:8      | Found a glowing golden altar of the Shining One.
  8332 | D:8      | Found an oddly glowing altar of Pakellas.
  8414 | D:8      | Reached skill level 8 in Fighting
  8423 | D:8      | You fall through a shaft!
  8482 | D:9      | Noticed a troll
  8501 | D:9      | Slain by a troll

Vault maps used:
D:1:      onia_arrival_larder
D:2:      ashenzari_altar_1
D:3:      lemuel_doored_altar, gammafunk_temple_overflow_pools,
          portal_sewer_entry_f, lemuel_tele_altar
D:4:      grunt_temple_overflow_bloody_war, nicolae_overflow_hidden_temple,
          first_bread
D:5:      kennysheep_little_box, minmay_temple_entry_butterflies,
          hangedman_decor_slide_cut, kennysheep_generic_room_10
D:6:      lightli_temple_of_fire
D:7:      cheibriados_altar_wand_db, xom_shifter_show, serial_shops, shop, shop,
          minmay_misc_feat_four_crosses, grunt_ogre_cave
D:8:      grunt_pakellas_mercury, elyvilon_altar_5,
          nicolae_overflow_crystal_walls, makhleb_heckhound_becter
D:9:      uniq_grum
Temple:   nicolae_temple_hex_pool
Sewer:    sewer_minmay_treatment

Action                   |  1- 3 |  4- 6 |  7- 9 || total
-------------------------+-------+-------+-------++-------
Melee: Quarterstaff      |   154 |   243 |   531 ||   928
 Abil: Breathe Frost     |       |       |     5 ||     5
Evoke: Wand              |       |       |    12 ||    12
       Deck              |       |       |     2 ||     2
 Stab: Sleeping          |     2 |     1 |     3 ||     6
       Paralysed         |       |       |    13 ||    13
  Eat: Chunk             |     3 |     5 |    18 ||    26
